Map: Glittering Ashes LE

Players

Boots

  • Race: Zerg Zerg
  • League: Diamond
  • Spawn Location: 1:00

NoQuidProQuo - Winner!

  • Race: Zerg Zerg
  • Spawn Location: 7:00

VOD

Have the link to the VOD?

Description

Time

  • Played on: June 8, 2022, 4:21 a.m.
  • Length: 9:27
Show
View Real Time Build Order
Export as new Build Order

Boots Zerg 

Build Orders: Hatch First 

Get SALT Encoding   

  12  0:00  Drone  
  13  0:13  Overlord  
  13  0:16  Drone  
  14  0:31  Drone x2  
  16  0:49  Hatchery  
  15  0:53  Drone  
  16  0:58  Drone  
  16  1:00  Drone  
  18  1:12  Extractor  
  18  1:15  Spawning Pool  
  18  1:17  Drone  
  17  1:20  Drone  
  18  1:28  Drone  
  19  1:39  Drone  
  20  1:51  Drone  
  21  2:01  Queen x2  
  21  2:04  Zergling x4  
  27  2:16  Overlord  
  27  2:26  Metabolic Boost  
  27  2:29  Drone  
  28  2:36  Drone x3  
  31  2:37  Queen x2  
  35  2:54  Drone  
  35  2:56  Overlord  
  35  2:58  Overlord  
  36  3:15  Hatchery  
  36  3:19  Lair  
  35  3:25  Drone x5  
  40  3:45  Evolution Chamber  
  40  3:47  Drone x3  
  40  3:48  Evolution Chamber, Drone  
  42  3:49  Roach Warren  
  38  4:15  Zergling x18  
  37  4:30  Roach x2  
  39  4:32  Queen  
  30  4:58  Drone  
  30  4:59  Drone x5  
  36  5:00  Queen  
  36  5:06  Hatchery  
  37  5:12  Roach x2  
  37  5:14  Glial Reconstitution  
  41  5:16  Zerg Missile Weapons Level 1  
  40  5:24  Roach  
  40  5:25  Roach  
  35  5:37  Roach x2  
  31  5:49  Roach x2  
  37  5:57  Roach x2  
  37  6:10  Drone x2  
  37  6:11  Drone x3  
  42  6:21  Drone x4  
  42  6:22  Drone  
  47  6:30  Queen  
  49  6:36  Drone x3  
  49  6:39  Drone  
  53  6:41  Drone  
  53  6:43  Drone  
  55  6:53  Overlord  
  55  6:54  Overlord  
  55  6:56  Drone  
  56  7:01  Extractor, Drone x2  
  56  7:02  Drone  
  58  7:10  Extractor  
  58  7:11  Queen  
  59  7:19  Drone x3  
  59  7:22  Drone x2  
  64  7:23  Drone  
  64  7:24  Extractor  
  64  7:30  Zerg Ground Armor Level 1  
  64  7:34  Roach x3  
  64  7:35  Roach  
  72  7:41  Overlord  
  72  7:43  Overlord  
  72  7:46  Spore Crawler  
  72  7:49  Spore Crawler, Drone  
  71  7:57  Overseer  
  71  8:04  Roach x5  
  81  8:15  Zergling x6  
  81  8:16  Zergling x6  
  87  8:33  Roach  
  89  8:40  Hatchery  
  88  8:47  Overlord x3  
  71  8:58  Roach x3  
  71  8:59  Roach x3  
  76  9:09  Overlord  
Show
View Real Time Build Order
Export as new Build Order

NoQuidProQuo Zerg - Winner!

Build Orders: Hatch First 

Get SALT Encoding   

  12  0:00  Drone  
  13  0:08  Drone  
  14  0:20  Extractor  
  14  0:21  Extractor, Drone  
  13  0:22  Drone  
  16  0:43  Hatchery  
  16  0:47  Extractor  
  14  0:50  Extractor, Drone  
  14  0:59  Extractor  
  14  1:00  Extractor, Drone  
  14  1:03  Drone  
  17  1:16  Spawning Pool  
  16  1:22  Overlord  
  16  1:41  Drone x3  
  19  2:07  Metabolic Boost  
  19  2:09  Queen x2  
  19  2:13  Drone x2  
  19  2:15  Drone  
  26  2:18  Drone  
  26  2:20  Drone  
  28  2:28  Overlord  
  28  2:31  Extractor  
  28  2:33  Drone  
  28  2:36  Overlord  
  28  2:41  Extractor  
  28  2:42  Zergling x2  
  30  2:58  Zergling x4  
  30  2:59  Zergling x4  
  30  3:04  Zergling x2, Baneling Nest  
  34  3:10  Zergling x4  
  36  3:19  Zergling x6  
  39  3:24  Hatchery  
  39  3:25  Overlord  
  38  3:35  Zergling x6  
  38  3:36  Zergling x2  
  42  3:43  Queen, Extractor  
  43  3:49  Drone x2  
  43  3:52  Drone  
  43  3:53  Drone  
  47  4:05  Drone x5  
  47  4:18  Zergling x6  
  50  4:30  Zergling x2  
  52  4:31  Zergling x2  
  52  4:32  Overlord  
  47  4:42  Zergling x6  
  47  4:43  Zergling x6  
  48  4:55  Overlord  
  48  5:00  Roach Warren  
  48  5:05  Drone x6  
  53  5:10  Lair  
  51  5:16  Spine Crawler  
  51  5:18  Spine Crawler  
  47  5:24  Spine Crawler  
  44  5:33  Zergling x4  
  44  5:34  Zergling x8  
  44  5:35  Zergling x2  
  49  5:44  Evolution Chamber  
  49  5:49  Drone x5  
  51  5:50  Drone  
  51  6:01  Drone x6  
  57  6:14  Drone x7  
  64  6:19  Overlord  
  64  6:22  Zerg Missile Weapons Level 1  
  64  6:23  Glial Reconstitution  
  64  6:31  Evolution Chamber  
  62  6:41  Overlord  
  62  6:51  Pneumatized Carapace  
  62  6:54  Burrow  
  62  6:58  Overlord, Hatchery  
  62  7:00  Roach x5  
  62  7:01  Roach x2  
  75  7:02  Roach  
  75  7:03  Roach  
  80  7:08  Drone x2  
  80  7:11  Drone x3  
  80  7:12  Drone x2  
  80  7:14  Drone  
  80  7:15  Drone  
  88  7:16  Drone  
  88  7:21  Overseer  
  89  7:23  Overseer  
  89  7:28  Overlord  
  89  7:31  Zerg Ground Armor Level 1  
  89  7:34  Extractor  
  89  7:36  Extractor  
  87  7:38  Drone x3  
  87  7:39  Drone x2  
  87  7:40  Overlord, Drone  
  87  7:43  Extractor  
  92  7:45  Extractor  
  91  8:05  Drone x11  
  99  8:09  Queen  
  104  8:20  Hydralisk Den  
  104  8:22  Drone x3  
  104  8:23  Drone x3  
  104  8:25  Roach x5  
  119  8:27  Overlord x2  
  119  8:35  Overlord  
  116  8:46  Roach x3  
  116  8:47  Roach x11  
  136  8:54  Roach  
  136  8:55  Roach x2  
  134  9:02  Roach x2  
  142  9:26  Extractor  
Tags
 
Add a new tag
Caveats
  • Supply blocks, unpowered buildings, or Contaminate may cause inaccurate times.
  • Supply counts are checked every 10 seconds.